 Dungeon Crawl Stone Soup version 0.24-a0-48-g0ecae65 (webtiles) character file.

Game seed: 8654932898379929014

153 DarkinPup the Slasher (level 5, -1/41 HPs)
             Began as a Demonspawn Gladiator on Feb 3, 2019.
             Slain by a centaur (3 damage)
             ... on level 3 of the Dungeon.
             The game lasted 00:05:39 (2118 turns).

DarkinPup the Slasher (Demonspawn Gladiator)        Turns: 2118, Time: 00:05:40

Health: -1/41      AC: 11    Str: 15    XL:     5   Next: 12%
Magic:  5/5        EV: 13    Int:  9    God:
Gold:   86         SH:  0    Dex: 15    Spells: 4/4 levels left

rFire    . . .     SeeInvis .   a - +0 long sword
rCold    . . .     Gourm    .   (no shield)
rNeg     . . .     Faith    .   b - +0 leather armour
rPois    .         Spirit   .   c - +0 helmet
rElec    .         Reflect  .   m - +0 cloak
rCorr    .         Harm     .   (no gloves)
MR       .....                  (no boots)
Stlth    +.........             (no amulet)
HPRegen  0.13/turn              t - +4 ring of protection
MPRegen  0.09/turn              (no ring)

@: no status effects
A: slimy green scales 1
a: no special abilities


You were on level 3 of the Dungeon.
You were not hungry.

You visited 1 branch of the dungeon, and saw 4 of its levels.

You collected 86 gold pieces.

Inventory:

Hand Weapons
 a - a +0 long sword (weapon)
Missiles
 d - 3 throwing nets (quivered)
Armour
 b - a +0 leather armour (worn)
 c - a +0 helmet (worn)
 m - a +0 cloak (worn)
 n - a +0 shield
Jewellery
 t - a +4 ring of protection (left hand)
Scrolls
 g - 3 scrolls of identify {unknown}
 h - a scroll of teleportation {unknown}
 i - a scroll of immolation {unknown}
 j - a scroll of fog {unknown}
 r - a scroll of enchant armour {unknown}
 s - 2 scrolls of remove curse {unknown}
Potions
 e - a potion of haste {unknown}
 k - a potion of heal wounds {unknown}
 l - a potion of invisibility {unknown}
 o - a potion of magic {unknown}
 p - a potion of resistance {unknown}
 q - a potion of degeneration {unknown}
Comestibles
 f - 2 rations


   Skills:
 * Level 3.3 Fighting
 * Level 3.7 Long Blades
 - Level 1.7 Throwing
 * Level 3.7 Dodging
 + Level 0.8 Shields


You had 4 spell levels left.
You didn't know any spells.
Your spell library was empty.

Dungeon Overview and Level Annotations

Branches:
Dungeon (4/15)
 Temple: D:4-7

Altars:
Nemelex Xobeh

Shops:
D:4 =(=


Innate Abilities, Weirdness & Mutations

You are partially covered in slimy green scales. (AC +2)


Message History

The centaur closely misses you.
You riposte.
You barely miss the centaur.
The centaur is heavily wounded.
The centaur misses you.
You hit the centaur.
The centaur is heavily wounded.
The centaur barely misses you.
You hit the centaur.
The centaur is severely wounded.
The centaur hits you!
* * * LOW HITPOINT WARNING * * *
The centaur barely misses you.
You riposte.
You hit the centaur.
The centaur is almost dead.
You barely miss the centaur.
The centaur is almost dead.
The centaur closely misses you.
The centaur hits you but does no damage.
You barely miss the centaur.
The centaur is almost dead.
The centaur hits you.
You die...

###########
......†..(#
......†(.<#
..........#
.........(#
.........(#
..........###
#########@..#
#c#.# #...# #####
##...... #..... .#
##.... #..... .!##
...#.#####.....
...
...............
#..
..#..##.##.....
#.##....$..(......


You could see a centaur.

Vanquished Creatures
  A hound (D:4)
  A hound skeleton (D:4)
  6 adders
  An ooze (D:1)
  A worm (D:2)
  2 dart slugs (D:2)
  3 leopard geckos
  An orc (D:4)
  2 giant cockroaches (D:1)
  5 hobgoblins
  2 jackals (D:3)
  3 kobolds
  A quokka (D:3)
  2 bats (D:2)
  4 frilled lizards (D:2)
  8 goblins
  2 rats (D:2)
45 creatures vanquished.

Vanquished Creatures (others)
  5 toadstools (D:1)
5 creatures vanquished.

Grand Total: 50 creatures vanquished

Notes
Turn   | Place    | Note
-------+----------+-------------------------------------------
     0 | D:1      | DarkinPup the Demonspawn Gladiator began the quest for the
                  | Orb.
     0 | D:1      | Reached XP level 1. HP: 16/16 MP: 1/1
   193 | D:1      | Gained mutation: You are partially covered in slimy green
                  | scales. (AC +2) [demonic ancestry]
   193 | D:1      | Reached XP level 2. HP: 20/22 MP: 2/2
   955 | D:1      | Reached XP level 3. HP: 21/28 MP: 3/3
  1263 | D:2      | Reached XP level 4. HP: 23/34 MP: 4/4
  1668 | D:2      | You fall through a shaft for 2 floors!
  1671 | D:4      | Found Suotim's Jewellery Shoppe.
  1844 | D:4      | Found a sparkling altar of Nemelex Xobeh.
  1873 | D:4      | Found Qimp's Antique Weapon Boutique.
  1908 | D:4      | Found Kehim's Jewellery Shoppe.
  1944 | D:3      | Reached XP level 5. HP: 40/41 MP: 5/5
  1946 | D:3      | Noticed a centaur
  2116 | D:3      | HP: 1/41 [centaur (7)]
  2118 | D:3      | Slain by a centaur

Vault maps used:
D:1:      ldierk_walled_garden
D:2:      minmay_inner_zag
D:3:      cheibrodos_ashenzari_chains
D:4:      serial_shops, shop_statue, nicolae_shop_behind_doors,
          nicolae_shop_trees, shop, nicolae_shop_behind_doors,
          nemelex_lonely_heart_becter

Skill      XL: |  1  2  3  4 |
---------------+-------------+-----
Dodging        | 3 |  3.7
Long Blades    | 3 |  3.7
Fighting       | 3 |  3.3
Throwing       | |  1.7
Shields        | |  0.8

Action                   |  1- 3 |  4- 6 || total
-------------------------+-------+-------++-------
Melee: Long sword        |    90 |    75 ||   165
 Stab: Sleeping          |     2 |       ||     2
  Eat: Chunk             |     1 |     3 ||     4
Armor: Leather armour    |    43 |    37 ||    80
Dodge: Dodged            |    83 |    69 ||   152
       Rpst.: Long sword |    27 |    24 ||    51

Table legend:
 A = Non-vault XP
 B = Vault XP
 C = Vault XP percentage of total XP
 D = Non-vault monster count
 E = Vault monster count
 F = Vault count percentage of total count
                 A         B        C        D         E       F
            +---------+---------+-------+---------+---------+-------
      Total |     208 |      11 |   5.0 |      39 |       6 |  13.3
            +---------+---------+-------+---------+---------+-------
        D:1 |      45 |       0 |   0.0 |       9 |       0 |   0.0
        D:2 |      84 |      11 |  11.6 |      20 |       6 |  23.1
        D:3 |      11 |       0 |   0.0 |       6 |       0 |   0.0
        D:4 |      68 |       0 |   0.0 |       4 |       0 |   0.0
            +---------+---------+-------+---------+---------+-------
